 Dungeon Crawl Stone Soup version 0.31-a0-662-g684573625c (webtiles) character file.

Game seed: 2696638567593365551

266 Xavori the Cutter (level 6, -1/37 (43) HPs)
             Began as an Octopode Chaos Knight on Sept 1, 2023.
             Was a Plaything of Xom.
             Slain by a gnoll bouda
             ... wielding a +0 club
              (7 damage)
             ... on level 2 of the Dungeon.
             The game lasted 00:02:31 (11499 turns).

Xavori the Cutter (Octopode Chaos Knight)          Turns: 11499, Time: 00:02:31

HP:   -1/37 (43)    AC:  3    Str: 11    XL:     6   Next: 20%
MP:   6/6           EV: 14    Int: 14    God:    Xom [*.....]
Gold: 92            SH:  0    Dex: 14    Spells: 5/5 levels left

rFire   . . .        a - +0 short sword (chaos)
rCold   . . .        (no shield)
rNeg    . . .        (helmet restricted)
rPois   .            (no amulet)
rElec   .            (no ring)
rCorr   .            (no ring)
SInv    .            (no ring)
Will    .....        (no ring)
Stlth   ++++         (no ring)
HPRegen 0.26/turn    (no ring)
MPRegen 0.10/turn    (no ring)
                     (no ring)

%: no passive effects
@: heavily drained
A: almost no armour, amphibious, 8 rings, camouflage 1, gelatinous body 1,
(nimble swimmer 1), tentacles, iridescent scales 1, inability to read after
injury 1
a: Renounce Religion


You were on level 2 of the Dungeon.
You worshipped Xom.
You were a special plaything of Xom.
You visited 1 branch of the dungeon, and saw 3 of its levels.
You also visited: Sewer.

You collected 92 gold pieces.

Inventory:

Hand Weapons
 a - a +0 short sword of chaos (weapon)
Wands
 n - a wand of iceblast (5)
Scrolls
 b - a scroll of butterflies
 e - a scroll of identify {unknown}
 f - a scroll of immolation {unknown}
 h - a scroll of brand weapon {unknown}
 i - 2 scrolls of enchant armour
 k - 2 scrolls of revelation
 m - a scroll of fog {unknown}
 o - a scroll of enchant weapon {unknown}
Potions
 c - 2 potions of curing {unknown}
 d - a potion of cancellation {unknown}
 g - a potion of might {unknown}
 j - 2 potions of heal wounds {unknown}
 l - 2 potions of haste {unknown}
 p - 2 potions of brilliance {unknown}
 q - 2 potions of invisibility {unknown}


   Skills:
 + Level 4.1 Fighting
 + Level 4.4 Short Blades
 + Level 3.2 Dodging
 + Level 4.0 Stealth
 * Level 1.3 Evocations


You had 5 spell levels left.
You didn't know any spells.
Your spell library contained the following spells:

 Spells                   Type           Power      Damage    Failure   Level
 Stone Arrow              Conj/Erth      0%         3d7       65%         3
 Lehudib's Crystal Spear  Conj/Erth      0%         10d2      100%        8
 Animate Armour           Summ/Erth      Unusable   N/A       N/A         4

Dungeon Overview and Level Annotations

Branches:
Dungeon (3/15)              Sewer (visited)

Altars:
Xom


Innate Abilities, Weirdness & Mutations

You cannot wear most types of armour.
You are amphibious.
You can wear up to eight rings at the same time.
Your skin changes colour to match your surroundings (Stealth+).
Your rubbery body absorbs attacks. (AC +1, EV +1)
((You are camouflaged when in or above water. (Stealth+)))
You have tentacles for arms and can constrict up to eight enemies at once.
You are partially covered in iridescent scales. (AC +2)
You occasionally lose the ability to read scrolls when taking damage.


Message History

The gnoll hits the plant with a +0 flail!
The plant begins to die.
The gnoll bouda attacks as it pursues you!
The gnoll bouda hits you with a +0 club!
The gnoll closely misses you.
The gnoll hits the plant with a +0 flail!
The gnoll bouda attacks as it pursues you!
The gnoll bouda hits you with a +0 club!
You see here a +0 pair of gloves.
You hear Xom's maniacal laughter.
You feel drained.
You are now a special plaything of Xom.
The gnoll hits the plant with a +0 flail!
Found a stone staircase leading up.
The gnoll bouda misses you.
There is a stone staircase leading up here.
The gnoll bouda hits you with a +0 club!
* * * LOW HITPOINT WARNING * * *
You climb upwards. "This might be better!"
The gnoll bouda suddenly seems more agile.
There is a stone staircase leading down here.
You closely miss the gnoll bouda. You grab the gnoll bouda.
The gnoll bouda is lightly wounded.
You constrict the gnoll bouda, but do no damage.
The gnoll bouda hits you with a +0 club.
* * * LOW HITPOINT WARNING * * *
You hit the gnoll bouda but do no damage.
The gnoll bouda suddenly seems more resistant.
You squeeze the gnoll bouda.
The gnoll bouda is lightly wounded.
You constrict the gnoll bouda, but do no damage.
You hit the gnoll bouda.
The gnoll bouda is moderately wounded.
You constrict the gnoll bouda. The gnoll bouda barely misses you.
You hit the gnoll bouda but do no damage.
The gnoll bouda is moderately wounded.
You constrict the gnoll bouda.
The gnoll bouda hits you with a +0 club!
You die...

#.# #.# #.# #.##.≈≈###.... #
###.###.# #.###...~≈..#.≈~.. ##
##.#.....# #.........≈≈~..≈~.
.####...##.#####.......###.≈...≈≈
.'.......................'.≈.....
.####...##.#########...###.......
######.###.# ######.#..###....<.
##.....).#.# #...##.....###.....
#.#####.#.# #.@.##....## ##...#
#.# #.### #g..####### ##'##
#.#####.######'#+########## #.#
#.##....##...+...'...##...# #.#
##.##.##.##.>.#...#.>.####.###.##
...##.##.##...'...+...##........#
##.......######...######.........
#.##.##.........................
##.##.##....⌠...8...⌠........#.##


You could see a gnoll bouda (agile, resistant).

Vanquished Creatures
  Pargi (Sewer)
  Terence (D:2)
  4 adders
  5 gnolls
  A river rat (D:3)
  A worm (D:3)
  4 endoplasms
  A giant cockroach (D:1)
  3 goblins (D:1)
  5 hobgoblins
  5 kobolds
  A quokka (D:1)
  4 ball pythons
  10 bats
  6 frilled lizards
  5 rats
57 creatures vanquished.

Notes
Turn   | Place    | Note
-------+----------+-------------------------------------------
     0 | D:1      | Xavori the Octopode Chaos Knight began the quest for the
                  | Orb.
     0 | D:1      | Reached XP level 1. HP: 16/16 MP: 1/1
    83 | D:1      | Reached XP level 2. HP: 7/21 MP: 2/2
   429 | D:1      | Reached XP level 3. HP: 11/26 MP: 3/3
  1345 | D:1      | XOM: silly message
  1358 | D:1      | XOM: silly message
  1504 | D:1      | XOM: silly message
  3254 | D:1      | XOM is BORED!
  3254 | D:1      | XOM: stat loss: -2 Str (9/11)
  4204 | D:1      | XOM: summons 2 hostile demons
  4382 | D:2      | XOM: give mutations
  4382 | D:2      | Gained mutation: Your magical capacity is low. (-10% MP)
                  | [Xom's mischief]
  4382 | D:2      | Gained mutation: You are frail. (-10% HP) [Xom's mischief]
  4382 | D:2      | Gained mutation: You occasionally lose the ability to read
                  | scrolls when taking damage. [Xom's mischief]
  4496 | D:2      | XOM: 2-stop teleportation journey
  4716 | D:2      | XOM: scenery: create altars
  5074 | D:2      | XOM: 3-stop teleportation journey
  5095 | D:2      | Found a faded altar of an unknown god.
  5102 | D:2      | Reached skill level 1 in Stealth
  5102 | D:2      | Reached XP level 4. HP: 29/29 MP: 3/3
  5112 | D:2      | XOM: butterfly on damage
  5328 | D:2      | Noticed Terence
  5336 | D:2      | Killed Terence
  5337 | D:2      | Reached XP level 5. HP: 23/33 MP: 4/4
  5625 | D:1      | XOM: god gift: +5 glaive of chaos
  6161 | D:1      | XOM is BORED!
  6161 | D:1      | XOM: give mutations
  6161 | D:1      | Lost mutation: You are frail. (-10% HP) [Xom's mischief]
  6161 | D:1      | Gained mutation: You are partially covered in iridescent
                  | scales. (AC +2) [Xom's mischief]
  6161 | D:1      | Lost mutation: Your magical capacity is low. (-10% MP)
                  | [Xom's mischief]
  6161 | D:1      | Gained mutation: You are robust. (+10% HP) [Xom's mischief]
  6579 | D:1      | XOM: give mutations
  6579 | D:1      | Gained mutation: You are agile. (Dex +4, Str/Int -1) [Xom's
                  | mischief]
  6579 | D:1      | Lost mutation: You are agile. (Dex +4, Str/Int -1) [Xom's
                  | mischief]
  6727 | D:1      | XOM: cloud trail
  7173 | D:1      | XOM: god gift: wand of iceblast (5)
  7262 | D:1      | XOM: scenery: 1 doors close
  7341 | D:1      | XOM: god gift: javelin
  7384 | D:1      | XOM: scenery: 1 doors open
  7549 | D:1      | XOM: cloud trail
  8508 | D:1      | XOM: noise
  9422 | D:1      | XOM: cloud trail
  9511 | D:1      | XOM: scenery: 1 doors close
  9580 | D:1      | XOM: give mutations
  9580 | D:1      | Gained mutation: You have hidden genetic defects. [Xom's
                  | mischief]
  9580 | D:1      | Lost mutation: You have hidden genetic defects. [Xom's
                  | mischief]
 10790 | D:1      | XOM is BORED!
 10790 | D:1      | XOM: give mutation
 10790 | D:1      | Lost mutation: You are robust. (+10% HP) [Xom's mischief]
 11113 | D:3      | Found a glowing drain.
 11127 | D:3      | XOM: polymorph rat -> bat
 11128 | D:3      | XOM: silly message
 11137 | Sewer    | Entered a sewer
 11268 | Sewer    | Noticed Pargi
 11268 | Sewer    | XOM: enchant monster (bad)
 11320 | Sewer    | Killed Pargi
 11321 | Sewer    | Reached skill level 1 in Evocations
 11321 | Sewer    | Reached XP level 6. HP: 35/43 MP: 6/6
 11489 | D:3      | XOM: draining
 11495 | D:2      | XOM: enchant monster (bad)
 11499 | D:2      | Slain by a gnoll bouda

Illustrated notes

Levels and vault maps discovered:
D:1:      nicolae_arrival_somewhat_less_tricky_arrival, layout_rooms,
          minmay_octomino_j4
D:2:      layout_loops_corners, basic_ecumenical_altar,
          chequers_serial_rivers_small_b, nicolae_elevator_lobby_plus,
          uniq_terence
D:3:      layout_loops_ring, portal_sewer_entry_c, nicolae_grassy_gnolls

Skill      XL: |  1  2  3  4  5 |
---------------+----------------+-----
Stealth        | 1 2 4 |  4.0
Dodging        | 3 |  3.2
Fighting       | 4 |  4.1
Short Blades   | 4 |  4.4
Evocations     | 1 |  1.3

Action                     |  1- 3 |  4- 6 || total
---------------------------+-------+-------++-------
  Melee: Short sword       |    59 |    72 ||   131
         Tentacles         |    12 |    19 ||    31
         Constrict         |    13 |    18 ||    31
         Punch             |       |     3 ||     3
    Use: Scroll            |       |     2 ||     2
   Stab: Sleeping          |     5 |     7 ||    12
 Armour: Skin              |    20 |    33 ||    53
  Dodge: Dodged            |    28 |    46 ||    74

Table legend: (Time is in decaauts)
 A = Elapsed time spent in this place.
 B = Non-inter-level travel time spent in this place.
 C = Inter-level travel time spent in this place.
 D = Time resting spent in this place.
 E = Time spent auto-exploring this place.
 F = Levels seen in this place.
 G = Mean time per level.
                   A        B        C        D        E       F      G
               +--------+--------+--------+--------+--------+-----+--------+
         Total |  11476 |  11424 |     52 |   9486 |   1516 |   4 | 2869.0 |
       Dungeon |  11145 |  11093 |     52 |   9461 |   1297 |   3 | 3715.0 |
         Sewer |    330 |    330 |      0 |     25 |    219 |   1 |  330.0 |
               +--------+--------+--------+--------+--------+-----+--------+

Top non-repeatable levels by time:
     D:1: 9547 daAuts
     D:2: 1447 daAuts
   Sewer: 330 daAuts
     D:3: 150 daAuts
